 Dungeon Sprint DCSS version 0.27-a0-1591-gc56fcc985a (webtiles) character file.

Game seed: 3987749636273887354

12425 mhtbhm the Peltast (level 11, 0/100 HPs)
             Began as a Minotaur Fighter on July 19, 2021.
             Was a High Priest of Hepliaklqana.
             Slain by an emperor scorpion (7 damage)
             ... in the Dungeon (Sprint VII: "The Pits").
             The game lasted 00:04:43 (2882 turns).

mhtbhm the Peltast (Minotaur Fighter)               Turns: 2882, Time: 00:04:45

Health: 0/100      AC: 20    Str: 26    XL:     11   Next: 62%
Magic:  10/10      EV: 10    Int:  5    God:    Hepliaklqana [*****.]
Gold:   63         SH: 15    Dex: 11    Spells: 10/10 levels left

rFire    . . .     SeeInvis .   a - +2 scimitar (holy)
rCold    . . .     Faith    .   c - +0 kite shield
rNeg     . . .     Spirit   .   b - +3 plate armour
rPois    +         Reflect  .   (helmet restricted)
rElec    .         Harm     .   (no cloak)
rCorr    .         Rampage  .   (no gloves)
Will     .....     NoTele   +   (no boots)
Stlth    ..........             (no amulet)
HPRegen  0.26/turn              s - ring of poison resistance
MPRegen  0.12/turn              o - +3 ring of strength

@: lethally poisoned (0 -> -19)
A: reduced essence, horns 2, retaliatory headbutt
a: Renounce Religion, Recall Ancestor, Ancestor Identity, Transference, Idealise


You were in the Dungeon.
You worshipped Hepliaklqana.
Hepliaklqana was extremely pleased with you.
You visited 1 branch You collected 63 gold pieces.

Inventory:

Hand Weapons
 a - a +2 scimitar of holy wrath (weapon)
Armour
 b - a +3 plate armour (worn)
 c - a +0 kite shield (worn)
Jewellery
 o - a +3 ring of strength (right hand)
 q - a ring of protection from cold
 s - a ring of poison resistance (left hand)
Wands
 r - a wand of flame (19)
Scrolls
 j - 2 scrolls of blinking
 l - 5 scrolls of amnesia
 m - a scroll of summoning
 t - a scroll of fear
 v - 2 scrolls of identify
 w - 2 scrolls of fog
 x - 2 scrolls of enchant weapon
 y - 2 scrolls of enchant armour
Potions
 d - 6 potions of might
 e - 3 potions of curing
 f - 10 potions of heal wounds
 g - 4 potions of haste
 h - 4 potions of magic
 i - 2 potions of berserk rage
 k - 2 potions of invisibility
 p - a potion of brilliance
 u - 3 potions of mutation
 z - 2 potions of resistance


   Skills:
 + Level 15.2 Fighting
 + Level 17.2 Long Blades
 + Level 15.9 Armour
 + Level 5.4 Dodging
 + Level 2.0 Stealth
 + Level 18.1 Shields


You had 10 spell levels left.
You didn't know any spells.
Your spell library was empty.

Dungeon Overview and Level Annotations

Branches:
Dungeon (1/1)

Altars:
Ashenzari
Cheibriados
Dithmenos
Elyvilon
Fedhas
Gozag
Hepliaklqana
Kikubaaqudgha
Makhleb
Nemelex Xobeh
Okawaru
Qazlal
Ru
Sif Muna
Trog
Uskayaw
Vehumet
Wu Jian
Xom
Yredelemnul
Zin
The Shining One
Beogh
Jiyva
Lugonu


Innate Abilities, Weirdness & Mutations

Your life essence is reduced to manifest your ancestor. (-10% HP)
You have a pair of horns on your head.
You reflexively headbutt those who attack you in melee.


Message History

The emperor scorpion poisons you!
You block the emperor scorpion's attack. x2
Titus hits the emperor scorpion but does no damage.
You barely miss the emperor scorpion.
You headbutt the emperor scorpion, but do no damage.
The emperor scorpion is almost dead.
You feel extremely sick. The emperor scorpion stings you!
The emperor scorpion barely misses you.
The emperor scorpion claws you but does no damage.
Unknown command.
You hit the emperor scorpion.
The emperor scorpion is almost dead.
You feel very sick.
Titus completely misses the emperor scorpion.
Unknown command.
You completely miss the emperor scorpion.
Your headbutt misses the emperor scorpion.
The emperor scorpion is almost dead.
* * * LOW HITPOINT WARNING * * *
You feel very sick. The emperor scorpion stings you!
* * * LOW HITPOINT WARNING * * *
You block the emperor scorpion's attack. x2
Titus hits the emperor scorpion but does no damage.
You hit the emperor scorpion but do no damage.
You headbutt the emperor scorpion, but do no damage.
The emperor scorpion is almost dead.
* * * LOW HITPOINT WARNING * * *
You feel very sick.
You block the emperor scorpion's attack.
The emperor scorpion claws you.
* * * LOW HITPOINT WARNING * * *
You block the emperor scorpion's attack.
You hit the emperor scorpion.
The emperor scorpion is almost dead.
* * * LOW HITPOINT WARNING * * *
You feel very sick.
Titus hits the emperor scorpion with a +0 flail.
The emperor scorpion stings you!
You die...

#..# #..# #..# ####### #..#
..##..# #..# ..##..# #..#
..''..# #.s#
..''..##########@R#
..##...)..........#
..##..............#
###################
############ ############
#..+...##...### #.........=#
...#..##......###....#####'#
..##..#........##.####.....##
.##...'....(....###.........#


You could see the friendly Titus the knight and an emperor scorpion (ally
target).

Vanquished Creatures
  4 death yaks (D)
  A fire crab (D)
  A bog body (D)
  A cyclops (D)
  A black mamba (D)
  A molten gargoyle (D)
  2 cane toads (D)
  A kobold demonologist (D)
  2 freezing wraiths (D)
  Psyche (D)
  2 rime drakes (D)
  An efreet (D)
  A guardian mummy (D)
  A hellwing (D)
  A hornet (D)
  4 blink frogs (D)
  A small abomination (D)
  A shadow (D)
  A wyvern (D)
  A ynoxinul (D)
  6 yaks (D)
  A fire bat (D)
  An acid dragon (D)
  A floating eye (D)
  A sky beast (D)
  A black bear (D)
  A centaur (D)
  4 wolves (D)
  A bullfrog (D)
  An earth elemental (D)
  6 wights (D)
  A hound (D)
  An orc priest (D)
  A gnoll shaman (D)
  An iguana (D)
  An orc wizard (D)
  7 gnolls (D)
  A white imp (D)
  A worm (D)
  3 orcs (D)
  A bat (D)
  A goblin (D)
  A ball python (D)
  3 frilled lizards (D)
  A jackal zombie (D)
  A rat (D)
78 creatures vanquished.

Vanquished Creatures (collateral kills)
  A death yak (D)
  An orange demon (D)
  A redback (D)
  A wolf (D)
  A centaur (D)
  A bullfrog (D)
  An adder (D)
  2 orcs (D)
  A hobgoblin (D)
  A kobold (D)
11 creatures vanquished.

Vanquished Creatures (others)
  A knight (D)
  An orc wizard (D)
  2 ancestors (D)
4 creatures vanquished.

Grand Total: 93 creatures vanquished

Notes
Turn   | Place    | Note
-------+----------+-------------------------------------------
     0 | D        | mhtbhm the Minotaur Fighter began the quest for the Orb.
     0 | D        | Reached XP level 1. HP: 19/19 MP: 0/0
    31 | D        | Found a bloodstained altar of Trog.
    31 | D        | Found a shimmering blue altar of Sif Muna.
    31 | D        | Found a viscous altar of Jiyva.
    31 | D        | Found a hazy altar of Hepliaklqana.
    31 | D        | Found an opulent altar of Gozag.
    32 | D        | Found a glowing golden altar of the Shining One.
    32 | D        | Found a glowing silver altar of Zin.
    32 | D        | Found a basalt altar of Yredelemnul.
    32 | D        | Found a shimmering altar of Xom.
    32 | D        | Found an ornate altar of the Wu Jian Council.
    32 | D        | Found a sacrificial altar of Ru.
    32 | D        | Found a stormy altar of Qazlal.
    32 | D        | Found an iron altar of Okawaru.
    32 | D        | Found a sparkling altar of Nemelex Xobeh.
    32 | D        | Found a burning altar of Makhleb.
    32 | D        | Found a blossoming altar of Fedhas.
    32 | D        | Found a white marble altar of Elyvilon.
    32 | D        | Found a shadowy altar of Dithmenos.
    32 | D        | Found a snail-covered altar of Cheibriados.
    35 | D        | Found a corrupted altar of Lugonu.
    35 | D        | Found a radiant altar of Vehumet.
    37 | D        | Found a broken altar of Ashenzari.
    37 | D        | Found an ancient bone altar of Kikubaaqudgha.
    37 | D        | Found a hide-covered altar of Uskayaw.
    38 | D        | Became a worshipper of Hepliaklqana the Forgotten
    78 | D        | Reached skill level 4 in Shields
    89 | D        | Reached XP level 2. HP: 24/28 MP: 1/1
   129 | D        | Reached * piety under Hepliaklqana
   129 | D        | Noticed a bullfrog
   135 | D        | Killed a bullfrog
   136 | D        | Reached skill level 6 in Shields
   136 | D        | Reached XP level 3. HP: 22/33 MP: 2/2
   136 | D        | Reached XP level 4. HP: 26/39 MP: 3/3
   263 | D        | Noticed a centaur
   263 | D        | Noticed a floating eye
   265 | D        | Paralysed by a floating eye for 4 turns
   270 | D        | Reached skill level 1 in Dodging
   275 | D        | Paralysed by a floating eye for 2 turns
   279 | D        | Paralysed by a floating eye for 3 turns
   284 | D        | Paralysed by a floating eye for 2 turns
   285 | D        | Noticed a sky beast
   290 | D        | Killed a centaur
   290 | D        | Paralysed by a floating eye for 2 turns
   291 | D        | Reached skill level 7 in Shields
   291 | D        | Reached XP level 5. HP: 27/46 MP: 4/4
   294 | D        | Killed a floating eye
   295 | D        | Reached skill level 8 in Shields
   299 | D        | Killed a sky beast
   300 | D        | Reached skill level 9 in Shields
   300 | D        | Reached XP level 6. HP: 33/54 MP: 5/5
   441 | D        | Reached XP level 7. HP: 62/62 MP: 6/6
   451 | D        | Reached ** piety under Hepliaklqana
   454 | D        | Reached skill level 10 in Shields
   461 | D        | Reached skill level 10 in Long Blades
   461 | D        | Reached skill level 10 in Armour
   693 | D        | Noticed a cane toad
   694 | D        | Noticed a hellwing
   696 | D        | Reached skill level 11 in Shields
   696 | D        | Reached XP level 8. HP: 70/70 MP: 7/7
   702 | D        | Killed a cane toad
   703 | D        | Reached skill level 10 in Fighting
   726 | D        | Killed a hellwing
   727 | D        | Reached skill level 12 in Shields
   728 | D        | Remembered your ancestor Titus as a knight
   765 | D        | Reached *** piety under Hepliaklqana
   765 | D        | Noticed Psyche
   768 | D        | Killed Psyche
   769 | D        | Noticed a rime drake
   771 | D        | Noticed a freezing wraith
   775 | D        | Killed a rime drake
   776 | D        | Reached skill level 13 in Shields
   776 | D        | Reached XP level 9. HP: 60/77 MP: 8/8
   781 | D        | Killed a freezing wraith
   981 | D        | Noticed a rime drake
   989 | D        | Killed a rime drake
   990 | D        | Reached skill level 14 in Shields
   991 | D        | Noticed a guardian mummy
   999 | D        | Killed a guardian mummy
  1000 | D        | Reached skill level 1 in Stealth
  1212 | D        | Noticed a death yak
  1212 | D        | Noticed a death yak
  1212 | D        | Noticed a death yak
  1212 | D        | Noticed a death yak
  1212 | D        | Noticed a death yak
  1218 | D        | Killed a death yak
  1226 | D        | Killed a death yak
  1227 | D        | Reached skill level 15 in Shields
  1227 | D        | Reached XP level 10. HP: 40/87 MP: 9/9
  1237 | D        | Killed a death yak
  1238 | D        | Reached skill level 15 in Long Blades
  1240 | D        | Killed a death yak
  1251 | D        | Killed a death yak
  1252 | D        | Reached skill level 16 in Shields
  1551 | D        | Noticed a cane toad
  1561 | D        | Killed a cane toad
  1562 | D        | Reached skill level 5 in Dodging
  2058 | D        | Reached **** piety under Hepliaklqana
  2079 | D        | Noticed an orange demon
  2080 | D        | Noticed a cyclops
  2085 | D        | Noticed a fire crab
  2092 | D        | Killed an orange demon
  2094 | D        | Killed a cyclops
  2095 | D        | Reached XP level 11. HP: 23/99 MP: 10/10
  2101 | D        | Killed a fire crab
  2469 | D        | Reached ***** piety under Hepliaklqana
  2480 | D        | Reached skill level 17 in Shields
  2498 | D        | Reached skill level 15 in Armour
  2528 | D        | Reached skill level 15 in Fighting
  2854 | D        | Noticed an emperor scorpion
  2854 | D        | Noticed a bog body
  2860 | D        | Killed a bog body
  2861 | D        | Reached skill level 18 in Shields
  2882 | D        | Slain by an emperor scorpion

Illustrated notes

Levels and vault maps discovered:
D:        pitsprint [storerooms_1, entrance_room_1, metal_vault_7, armoury_2,
          mini_pit_1, grid_room_1, main_hall_1, silver_pit, the_coven_1,
          the_vestibule_1, steel_vault_1, golden_pit, hallway_of_sentries,
          crystal_vault_4, iron_vault_4, final_vault]

Skill      XL: |  1  2  3  4  5  6  7  8  9 10 11 |
---------------+----------------------------------+-----
Fighting       | 4 6 7 8 9 10 12 14 15 | 15.2
Armour         | 4 6 7 9 10 11 13 14 15 | 15.9
Shields        | 4 6 7 9 11 13 15 16 18 | 18.1
Long Blades    | 3 4 6 8 9 11 13 14 16 17 | 17.2
Dodging        | 1 2 3 4 5 |  5.4
Stealth        | 1 2 |  2.0

Action                   |  1- 3 |  4- 6 |  7- 9 | 10-12 || total
-------------------------+-------+-------+-------+-------++-------
Melee: Falchion          |    13 |     5 |       |       ||    18
       Long sword        |     2 |    25 |    30 |       ||    57
       Headbutt          |     1 |     8 |    19 |    53 ||    81
       Scimitar          |       |       |    64 |   146 ||   210
Invok: Ancestor Life: Kn |       |       |     1 |       ||     1
  Use: Potion            |       |       |     2 |     8 ||    10
 Stab: Distracted        |       |       |       |     2 ||     2
Armor: Scale mail        |    14 |     1 |       |       ||    15
       Chain mail        |       |    19 |    19 |       ||    38
       Plate armour      |       |       |    24 |    52 ||    76
Dodge: Dodged            |    11 |    10 |    36 |    27 ||    84
Block: Kite shield       |     7 |    15 |    83 |    92 ||   197
       Rpst.: Falchion   |     2 |       |       |       ||     2
       Long sword        |     1 |     3 |     6 |       ||    10
       Scimitar          |       |       |     6 |     4 ||    10

Table legend: (Time is in decaauts)
 A = Elapsed time spent in this place.
 B = Non-inter-level travel time spent in this place.
 C = Inter-level travel time spent in this place.
 D = Time resting spent in this place.
 E = Time spent auto-exploring this place.
 F = Levels seen in this place.
 G = Mean time per level.
                   A        B        C        D        E       F      G
               +--------+--------+--------+--------+--------+-----+--------+
         Total |   2841 |   2841 |      0 |   1872 |     68 |   1 | 2841.0 |
       Dungeon |   2841 |   2841 |      0 |   1872 |     68 |   1 | 2841.0 |
               +--------+--------+--------+--------+--------+-----+--------+

Top non-repeatable levels by time:
       D: 2841 daAuts
